cohdb
Replays
Latest Replays
All Replays
Popular Replays
Top Player Replays
Match Explorer
How It Works
Community
CoH3 Stats
Reddit
Sign in to upload your games and track your stats! →
Sign in with Steam
Match 40810924
Unlisted
Match 40810924
Overview
Messages
Build Orders
End
Construct Infanterie Kompanie
Construct Infanterie Kompanie
Selects Terror Battlegroup
Selects Machine Gun Camouflage
MG 42 Machine Gun Team
MG 42 Machine Gun Team
Grenadier Squad
Selects Machine Gun Camouflage
GrW 34 Mortar Team
Construct Luftwaffe Kompanie
221 Scout Car
Jäger Squad
Selects Interrogate
Forward Retreat Point
Medical Bunker
Construct Panzergrenadier Kompanie
Support Elements
Selects Propaganda Leaflet Drop
Nebelwerfer 42 Rocket Launcher Team
Propaganda Leaflet Drop
Construct Panzer Kompanie
WЇЌĭήğ§* ★assasin
Luckyman55
hifuj1335
DJokerld
STALKER4732
BurningShot
ezh
mcmoejoe
0
0
Comments
sign in to comment!
No comments posted yet!